 Dungeon Crawl Stone Soup version 0.23.2 (webtiles) character file.

Game seed: 13725124832570501208

52478 teukkam the Fighter (level 14, -7/129 HPs)
             Began as a Minotaur Fighter on Mar 29, 2019.
             Was the Champion of Zin.
             Mangled by an entropy weaver (16 damage)
             ... on level 4 of the Lair of Beasts on Mar 31, 2019.
             The game lasted 01:47:48 (21644 turns).

teukkam the Fighter (Minotaur Fighter)             Turns: 21644, Time: 01:47:50

Health: -7/129     AC:  0    Str: 32    XL:     14   Next: 27%
Magic:  15/20      EV: 10    Int:  8    God:    Zin [******]
Gold:   452        SH: 16    Dex: 11    Spells: 13/13 levels left

rFire    + . .     SeeInvis .   a - +1 hand axe "Beast's Funeral" {venom, *Slow rElec Str+4 Int+2}
rCold    . . .     Gourm    .   c - +2 shield {reflect}
rNeg     . . .     Faith    +   u - +0 swamp dragon scales
rPois    +         Spirit   .   (helmet restricted)
rElec    +         Reflect  +   (no cloak)
rCorr    .         Harm     .   L - +0 pair of gloves
MR       +....                  (no boots)
Stlth    +.........             M - amulet of faith
HPRegen  0.31/turn              J - ring of protection from fire
MPRegen  0.17/turn              F - +4 ring of strength

@: corroded
A: retaliatory headbutt, horns 2, blurry vision 1
a: Recite, Vitalisation, Imprison, Sanctuary, Donate Gold, Renounce Religion


You were on level 4 of the Lair of Beasts.
You worshipped Zin.
Zin was exalted by your worship.
You were not hungry.

You visited 5 branches of the dungeon, and saw 21 of its levels.
You also visited: Sewer.

You collected 2239 gold pieces.
You spent 1432 gold pieces at shops.
You donated 355 gold pieces to Zin.

Inventory:

Hand Weapons
 a - the +1 hand axe "Beast's Funeral" (weapon) {venom, *Slow rElec Str+4 Int+2}
   (You bought it in a shop on level 7 of the Dungeon)

   It poisons the flesh of those it strikes.
   It affects your strength (+4).
   It affects your intelligence (+2).
   It insulates you from electricity.
   It may slow you when you take damage.
 b - a +1 hand crossbow of flaming
 h - a +0 shortbow
 j - the +1 spear of the Exiled Moons {holy, *Contam rElec MR+}
   (You found it on level 3 of the Lair of Beasts)

   It has been blessed by the Shining One to cause great damage to the undead
   and demons.
   It insulates you from electricity.
   It affects your resistance to hostile enchantments.
   It causes magical contamination when unequipped.
 k - a +0 spear of freezing
 t - a +0 mace of holy wrath
 D - a +4 quarterstaff of chaos
 E - a +0 whip of flaming
 I - a +0 war axe
 S - a +4 great sword of distortion
 U - a +2 short sword of flaming
 X - a +3 arbalest
 Z - the +1 arbalest of a Labyrinth {venom, *Contam +Blink rN+ Int+2}
   (You bought it in a shop on level 2 of the Orcish Mines)

   It poisons the ammo it fires.
   It affects your intelligence (+2).
   It protects you from negative energy.
   It lets you blink.
   It causes magical contamination when unequipped.
Missiles
 i - 564 arrows
 q - 376 bolts
 r - 3 needles of paralysis
 s - 22 poisoned needles
 H - 13 needles of confusion
 Y - 19 tomahawks (quivered)
Armour
 c - a +2 shield of reflection (worn)
 g - quicksilver dragon scales
 u - +0 swamp dragon scales (worn)
 B - a +2 plate armour of fire resistance
 L - a +0 pair of gloves (worn)
 O - a +1 ring mail of cold resistance
Magical Staves
 y - an uncursed staff of earth {unknown}
Jewellery
 C - an uncursed ring of stealth
 F - a +4 ring of strength (right hand)
 G - an uncursed amulet of regeneration
 J - a ring of protection from fire (left hand)
 M - an amulet of faith (around neck)
 P - an uncursed ring of positive energy
 V - an uncursed ring of wizardry
Wands
 w - a wand of random effects (53)
 T - a wand of iceblast (6)
Scrolls
 e - a scroll of teleportation
 m - 9 scrolls of identify
 v - 5 scrolls of remove curse
 x - a scroll of fog
 z - 4 scrolls of immolation
 A - 3 scrolls of amnesia
 K - 2 scrolls of holy word {unknown}
 W - a scroll of summoning
Potions
 d - a potion of might
 l - 6 potions of agility
 n - 7 potions of curing
 o - a potion of magic
 p - 11 potions of flight
 N - a potion of brilliance
 Q - a potion of ambrosia
 R - a potion of invisibility
Comestibles
 f - 12 rations


   Skills:
 + Level 13.5 Fighting
 - Level 12.5(12.7) Axes
 + Level 4.4(9.3) Polearms
 + Level 8.6 Crossbows
 + Level 13.3 Armour
 + Level 13.4 Shields
 + Level 9.6 Invocations


You had 13 spell levels left.
You didn't know any spells.
Your spell library contained the following spells:

 Spells                   Type           Power        Failure   Level  Hunger
 Beastly Appendage        Tmut           #.....       56%         1    ##.....
 Flame Tongue             Conj/Fire      #....        56%         1    ##.....
 Infusion                 Chrm           #...         56%         1    ##.....
 Sting                    Conj/Pois      #...         56%         1    ##.....
 Poisonous Vapours        Pois/Air       #.....       71%         2    ###....
 Shroud of Golubria       Chrm/Tloc      #.........   71%         2    ###....
 Song of Slaying          Chrm           #.......     71%         2    ###....
 Sticks to Snakes         Tmut           #.......     71%         2    ###....
 Throw Flame              Conj/Fire      #.....       71%         2    ###....
 Conjure Flame            Conj/Fire      #.......     90%         3    ####...
 Ignite Poison            Fire/Tmut/Pois #.......     90%         3    ####...
 Inner Flame              Hex/Fire       #.......     90%         3    ####...
 Mephitic Cloud           Conj/Pois/Air  #.......     90%         3    ####...
 Regeneration             Chrm/Necr      #.........   90%         3    ####...
 Spectral Weapon          Hex/Chrm       #.......     90%         3    ####...
 Spider Form              Tmut/Pois      #.........   90%         3    ####...
 Ice Form                 Ice/Tmut       #.......     100%        4    #####..
 Leda's Liquefaction      Hex/Erth       #.........   100%        4    #####..
 Olgreb's Toxic Radiance  Pois           #.......     100%        4    #####..
 Sticky Flame             Conj/Fire      #.......     100%        4    #####..
 Blade Hands              Tmut           #.........   100%        5    ######.
 Bolt of Magma            Conj/Fire/Erth #.........   100%        5    ######.
 Fireball                 Conj/Fire      #.........   100%        5    ######.
 Venom Bolt               Conj/Pois      #.........   100%        5    ######.
 Bolt of Fire             Conj/Fire      #.........   100%        6    #######
 Iron Shot                Conj/Erth      #.........   100%        6    #######
 Statue Form              Tmut/Erth      #........    100%        6    #######
 Ring of Flames           Chrm/Fire      #.........   100%        7    #######
 Ignition                 Fire           #.........   100%        8    #######
 Shatter                  Erth           #.........   100%        9    #######


Dungeon Overview and Level Annotations

Branches:
Dungeon (11/15)            Temple (1/1) D:5            Lair (6/6) D:8
 Shoals (1/4) Lair:4       Spider (0/4) Lair:4        Slime (0/5) Lair:5
    Orc (2/2) D:9             Elf (0/3) Orc:2

Altars:
Ashenzari
Cheibriados
Dithmenos
Fedhas
Gozag
Hepliaklqana
Kikubaaqudgha
Makhleb
Okawaru
Qazlal
Ru
Sif Muna
Trog
Uskayaw
Vehumet
Wu Jian
Yredelemnul
Zin
The Shining One
Jiyva

Shops:
D:7 **   D:11 %   Orc:1 *[   Orc:2 %%}*

Annotations:
Shoals:1 Josephine


Innate Abilities, Weirdness & Mutations

You reflexively headbutt those who attack you in melee.
You have a pair of horns on your head.
Scrolls take you a little longer to read.


Message History

Cornered, the entropy weaver turns to fight!
The entropy weaver gestures wildly while chanting.
The entropic weave corrodes you!
The sanctuary disappears.
You slash the entropy weaver!
The entropy weaver looks even sicker.
The entropy weaver is lightly wounded.
You block the entropy weaver's attack.
The entropy weaver completely misses you.
The entropy weaver hits you!
* * * LOW HITPOINT WARNING * * *
You block the entropy weaver's attack.
Really read with blurry vision while enemies are nearby?
You begin reading the scroll.
You continue reading the scroll.
The entropy weaver hits you!
* * * LOW HITPOINT WARNING * * *
You block the entropy weaver's attack. The entropy weaver closely misses you.
The entropy weaver hits you!
* * * LOW HITPOINT WARNING * * *
The entropy weaver hits you!
You die...

......## ##..........#.##
.......## ###.......#....## ##
........####.#......####...# ###.
.......P..#P.P....#....#######...
...........P....###.'###≈≈≈≈≈####
.......#..........#.#≈≈≈#≈≈≈#†≈≈#
.......########...#[#≈≈≈#≈≈≈#≈)≈#
......## #..a##.#≈≈≈#####≈≈≈#
......# #..@##.#####≈≈≈'####
....#.# #...##...#≈≈≈>≈≈≈#..
...#### ###......####'≈≈≈#####
#### #.....##.#≈≈≈#####≈≈≈#
###....##P.#≈≈≈#≈≈≈#≈≈≈#
#P....#.##.#≈≈≈#≈≈≈#≈≈≈#
#..........####≈≈≈≈≈###'
#........#.....#######...
.....###....##.#..........


You could see an entropy weaver.

Vanquished Creatures
  An ogre mage (D:9)
  5 hydras
  A deep troll shaman (Lair:6)
  3 two-headed ogres
  A queen ant (Lair:4)
  4 death yaks
  Urug (Lair:6)
  An orc high priest (Orc:1)
  Pikel (D:6)
  A lindwurm (Lair:6)
  5 orc knights (Orc:2)
  2 orc sorcerers
  A merfolk siren (Lair:4)
  11 elephants (Lair:6)
  6 black mambas
  8 spiny frogs
  A torpor snail (Lair:5)
  2 rime drakes (Lair:4)
  6 komodo dragons
  4 trolls
  A jumping spider (Lair:4)
  A polar bear (Lair:6)
  A hornet (Lair:3)
  Grinder (D:3)
  A meliai zombie (D:9)
  Prince Ribbit (D:6)
  11 hippogriffs
  12 blink frogs
  A spriggan (Lair:3)
  2 wyverns
  A redback (Lair:4)
  A wraith (Lair:4)
  23 yaks
  A human (D:8)
  A basilisk (Lair:1)
  3 hogs (D:8)
  3 wargs (D:9)
  Menkaure (D:7)
  4 soldier ants
  7 water moccasins
  16 porcupines
  3 slaves (D:6)
  2 ice beasts
  29 orc warriors
  4 sky beasts
  A black bear (Lair:6)
  46 wolves
  An eye of draining (D:10)
  8 ogres
  13 crocodiles
  10 centaurs
  13 bullfrogs
  4 big kobolds (Sewer)
  A gnoll sergeant (D:9)
  6 scorpions
  6 electric eels (D:8)
  4 bullfrog zombies
  A centaur zombie (D:6)
  3 crimson imps
  9 orc priests
  Crazy Yiuf (D:6)
  8 hounds
  A jelly (D:10)
  14 orc wizards
  A centaur skeleton (D:8)
  3 bullfrog skeletons
  7 worker ants
  Terence (D:2)
  2 iguanas
  A howler monkey zombie (D:10)
  4 worker ant zombies
  17 adders
  15 gnolls
  5 shadow imps
  2 adder zombies
  2 oozes
  4 adder skeletons
  8 worms
  5 dart slugs
  6 leopard geckos
  74 orcs
  4 bats
  7 giant cockroaches
  5 goblins
  7 hobgoblins
  6 jackals (D:3)
  16 kobolds
  7 quokkas
  6 ball pythons
  6 frilled lizards
  A leopard gecko skeleton (D:5)
  A leopard gecko zombie (D:6)
  A quokka zombie (D:8)
  9 rats
  2 fungi (D:8)
  5 plants
  A withered plant (D:6)
587 creatures vanquished.

Vanquished Creatures (collateral kills)
  A bush (Lair:1)
1 creature vanquished.

Vanquished Creatures (others)
  An ogre (D:6)
  4 orcs (D:8)
  A bush (Lair:6)
  18 fungi
  15 plants
  2 withered plants (D:6)
41 creatures vanquished.

Grand Total: 629 creatures vanquished

Notes
Turn   | Place    | Note
-------+----------+-------------------------------------------
     0 | D:1      | teukkam the Minotaur Fighter began the quest for the Orb.
     0 | D:1      | Reached XP level 1. HP: 19/19 MP: 0/0
    62 | D:1      | Reached XP level 2. HP: 26/27 MP: 1/1
   114 | D:2      | Noticed Terence
   121 | D:2      | Killed Terence
   121 | D:2      | Reached XP level 3. HP: 26/33 MP: 2/2
   132 | D:2      | Found an iron altar of Okawaru.
   411 | D:3      | Reached XP level 4. HP: 27/41 MP: 3/3
   756 | D:3      | Found a glowing drain.
   763 | Sewer    | Entered a sewer
  1057 | Sewer    | Noticed a big kobold
  1065 | Sewer    | Killed a big kobold
  1065 | Sewer    | Reached XP level 5. HP: 39/47 MP: 4/4
  1247 | Sewer    | Reached skill level 5 in Fighting
  1247 | Sewer    | Reached skill level 5 in Armour
  1247 | Sewer    | Reached skill level 5 in Shields
  1355 | Sewer    | Reached XP level 6. HP: 49/56 MP: 5/5
  1604 | D:3      | Reached XP level 7. HP: 53/62 MP: 6/6
  1647 | D:4      | Reached skill level 5 in Axes
  1715 | D:5      | Entered Level 5 of the Dungeon
  1942 | D:5      | Found a staircase to the Ecumenical Temple.
  1949 | Temple   | Entered the Ecumenical Temple
  1988 | Temple   | Became a worshipper of Zin the Law-Giver
  2034 | D:5      | Reached * piety under Zin
  2308 | D:1      | You fall through a shaft!
  2903 | D:3      | Noticed Grinder
  2911 | D:3      | Killed Grinder
  2911 | D:3      | Reached XP level 8. HP: 64/71 MP: 7/7
  3077 | D:4      | Reached ** piety under Zin
  4292 | D:5      | Reached *** piety under Zin
  4885 | D:6      | Noticed Prince Ribbit
  4897 | D:6      | Killed Prince Ribbit
  4897 | D:6      | Reached XP level 9. HP: 72/81 MP: 8/8
  4996 | D:6      | Found a runed translucent door.
  4997 | D:6      | Noticed Crazy Yiuf
  5002 | D:6      | Killed Crazy Yiuf
  5187 | D:6      | Noticed Pikel
  5208 | D:6      | Killed Pikel
  5208 | D:6      | Reached skill level 1 in Invocations
  5267 | D:6      | Reached **** piety under Zin
  5685 | D:7      | Found Diowennyeca's Serpentskin Sales.
  5765 | D:7      | Found Siemiy's Assorted Antiques.
  5777 | D:7      | Bought a fine hand axe for 248 gold pieces
  5778 | D:7      | Identified the cursed +1 hand axe "Beast's Funeral" {venom,
                  | *Slow rElec Str+4 Int+2} (You bought it in a shop on level
                  | 7 of the Dungeon)
  5882 | D:7      | Found an opulent altar of Gozag.
  6028 | D:7      | Noticed Menkaure
  6037 | D:7      | Killed Menkaure
  6372 | D:8      | Noticed a two-headed ogre
  6413 | D:8      | HP: 4/83 [two-headed ogre/+3 dire flail of protection (4)]
  6415 | D:8      | Killed a two-headed ogre
  6415 | D:8      | Reached XP level 10. HP: 6/91 MP: 11/11
  6854 | D:8      | Found a staircase to the Lair.
  7190 | D:9      | You fall through a shaft!
  7190 | D:10     | Entered Level 10 of the Dungeon
  7289 | D:10     | Reached ***** piety under Zin
  7548 | D:9      | Reached skill level 10 in Fighting
  7548 | D:9      | Reached skill level 10 in Shields
  7682 | D:8      | Reached skill level 10 in Armour
  8096 | Lair:1   | Entered Level 1 of the Lair of Beasts
  8096 | Lair:1   | Noticed a spiny frog
  8116 | Lair:1   | Killed a spiny frog
  8128 | Lair:1   | Reached skill level 5 in Invocations
  8378 | Lair:1   | Reached skill level 1 in Crossbows
  8438 | Lair:1   | Reached XP level 11. HP: 100/100 MP: 13/13
  8489 | Lair:1   | Reached skill level 10 in Axes
  8548 | Lair:2   | You fall through a shaft!
  8578 | Lair:3   | Noticed a spriggan rider
  8625 | Lair:3   | HP: 1/101 [wolf/exploding inner flame[the player character]
                  | (19)]
  9067 | Lair:4   | Upgraded the game from 0.23.1-41-g7e51ed3 to
                  | 0.23.1-42-g8abd8fc
  9114 | Lair:4   | Found a hole to the Spider Nest.
  9182 | Lair:4   | Noticed a death yak
  9182 | Lair:4   | Noticed a death yak
  9223 | Lair:4   | Killed a death yak
  9224 | Lair:4   | Killed a death yak
  9487 | Lair:5   | Noticed a five-headed hydra
  9533 | Lair:4   | Reached ****** piety under Zin
  9909 | Lair:5   | Was placed under penance by Zin
  9915 | Lair:5   | Killed a five-headed hydra
  9915 | Lair:5   | Reached XP level 12. HP: 100/110 MP: 14/16
  9927 | Lair:6   | Entered Level 6 of the Lair of Beasts
 10013 | Lair:6   | Noticed Urug
 10034 | Lair:6   | Killed Urug
 10148 | Lair:6   | Donated 214 gold pieces to Zin
 10167 | Lair:6   | Was forgiven by Zin
 10306 | Lair:6   | Reached skill level 5 in Crossbows
 11242 | Lair:6   | Noticed a four-headed hydra
 11251 | Lair:6   | Killed a four-headed hydra
 11262 | Lair:5   | Noticed a five-headed hydra
 11953 | Lair:6   | Upgraded the game from 0.23.1-42-g8abd8fc to 0.23.2
 11994 | Lair:6   | Noticed a death yak
 11995 | Lair:6   | Noticed a catoblepas
 11995 | Lair:6   | Noticed a death yak
 11995 | Lair:6   | Noticed a death yak
 12075 | Lair:6   | Noticed a six-headed hydra
 12280 | Lair:6   | Killed a six-headed hydra
 12280 | Lair:6   | Reached XP level 13. HP: 72/118 MP: 17/17
 12670 | Lair:5   | Found a staircase to the Slime Pits.
 12671 | Lair:5   | Found a viscous altar of Jiyva.
 15109 | Lair:3   | Got a bone spear
 15110 | Lair:3   | Identified the +1 spear of the Exiled Moons {holy, *Contam
                  | rElec MR+} (You found it on level 3 of the Lair of Beasts)
 15718 | Lair:2   | Reached skill level 1 in Polearms
 16297 | D:9      | Found a staircase to the Orcish Mines.
 16372 | Orc:1    | Entered Level 1 of the Orcish Mines
 17154 | D:11     | Found Ojahon Wufe's Food Shoppe.
 17436 | Orc:2    | Entered Level 2 of the Orcish Mines
 18415 | Orc:2    | Reached XP level 14. HP: 117/129 MP: 19/19
 18471 | Orc:1    | Found Boesin's Armour Shoppe.
 18483 | Orc:1    | Found Tayhajoj's Assorted Antiques.
 18688 | Orc:2    | Found a staircase to the Elven Halls.
 18922 | Orc:2    | Found Eleasal's Food Shoppe.
 18922 | Orc:2    | Found Numaki's Gadget Boutique.
 18925 | Orc:2    | Found Yhiclom's Assorted Antiques.
 18927 | Orc:2    | Found Xaatall's Food Emporium.
 18937 | Orc:2    | Bought a blackened arbalest for 294 gold pieces
 18944 | Orc:2    | Identified the +1 arbalest of a Labyrinth {venom, *Contam
                  | +Blink rN+ Int+2} (You bought it in a shop on level 2 of
                  | the Orcish Mines)
 19652 | D:9      | Gained mutation: Scrolls take you a little longer to read.
                  | [mutagenic glow]
 20207 | Orc:1    | Bought a +2 shield of reflection for 240 gold pieces
 20226 | Orc:1    | Bought +0 swamp dragon scales for 650 gold pieces
 21378 | Lair:4   | Found a staircase to the Shoals.
 21389 | Shoals:1 | Entered Level 1 of the Shoals
 21390 | Shoals:1 | Noticed Josephine
 21620 | Lair:4   | Noticed an entropy weaver
 21644 | Lair:4   | Mangled by an entropy weaver

Skill      XL: |  1  2  3  4  5  6  7  8  9 10 11 12 13 14 |
---------------+-------------------------------------------+-----
Fighting       | 4 5 6 8 9 10 11 12 13 | 13.5
Axes           | 3 4 6 7 8 9 11 12 | 12.5
Armour         | 4 5 6 8 9 10 11 12 13 | 13.3
Shields        | 4 5 6 8 9 10 11 12 13 | 13.4
Invocations    | 3 5 6 7 9 |  9.6
Crossbows      | 1 4 6 8 |  8.6
Polearms       | 3 4 |  4.4

Action                   |  1- 3 |  4- 6 |  7- 9 | 10-12 | 13-15 || total
-------------------------+-------+-------+-------+-------+-------++-------
Melee: War axe           |    62 |   156 |   325 |       |       ||   543
       Headbutt          |    10 |    17 |    78 |   169 |   184 ||   458
       Hand axe          |       |       |    71 |   535 |   564 ||  1170
       Mace              |       |       |     3 |       |       ||     3
       Whip              |       |       |       |    31 |    13 ||    44
       Spear             |       |       |       |       |    22 ||    22
 Fire: Hand crossbow     |       |       |       |    61 |    55 ||   116
       Arbalest          |       |       |       |       |    16 ||    16
Invok: Recite            |       |       |     6 |     4 |    13 ||    23
       Donate Gold       |       |       |       |     1 |       ||     1
       Sanctuary         |       |       |       |       |     1 ||     1
Evoke: Wand              |       |       |       |    16 |       ||    16
  Use: Scroll            |       |       |     9 |    14 |     7 ||    30
       Potion            |       |       |     3 |    10 |    11 ||    24
 Stab: Invisible         |       |       |     3 |     2 |     6 ||    11
       Petrified         |       |       |       |     2 |       ||     2
       Paralysed         |       |       |       |       |    14 ||    14
       Confused          |       |       |       |       |     7 ||     7
  Eat: Ration            |       |     1 |     2 |     3 |     8 ||    14
       Chunk             |       |       |     8 |     9 |     5 ||    22
Armor: Scale mail        |    29 |    75 |    75 |       |       ||   179
       Plate armour      |       |       |    70 |   198 |       ||   268
       Ring mail         |       |       |       |     1 |       ||     1
       Quicksilver drago |       |       |       |    50 |   144 ||   194
       Swamp dragon scal |       |       |       |       |    22 ||    22
Dodge: Dodged            |    14 |    42 |    84 |   130 |   184 ||   454
Block: Shield            |    33 |    92 |   251 |   402 |   479 ||  1257
       Reflection        |       |       |       |       |     1 ||     1
